 Dungeon Crawl Stone Soup version 0.30-a0-626-gd6a5dd7a1f (webtiles) character file.

Game seed: 1418349235061249800

136649 Rrauwl the Wrestler (level 16, -3/137 HPs)
             Began as a Troll Transmuter on Jan 11, 2023.
             Was the Champion of Wu Jian.
             Slain by a naga warrior
             ... wielding a +0 scimitar
              (16 damage)
             ... on level 2 of the Snake Pit.
             The game lasted 02:06:21 (24869 turns).

Rrauwl the Wrestler (Troll Transmuter)             Turns: 24869, Time: 02:06:21

Health: -3/137     AC: 20    Str: 30    XL:     16   Next: 67%
Magic:  18/18      EV: 14    Int: 22    God:    Wu Jian [******]
Gold:   2257       SH:  0    Dex: 10    Spells: 4/19 levels left

rFire   . . .      SeeInvis +      - Unarmed
rCold   . . .      Faith    .    (no shield)
rNeg    . . .      Spirit   .    d - +0 swamp dragon scales
rPois   +          Reflect  .    c - +2 hat {Int+3}
rElec   .          Harm     .    r - +4 cloak of Honour {rF- Str+8 Int+4 SInv}
rCorr   .          Rampage  .    (gloves unavailable)
Will    +....                    (boots unavailable)
Stlth   +                        (no amulet)
HPRegen 1.22/turn                b - +4 ring of protection
MPRegen 0.16/turn                D - ring of protection from fire

@: wereblooded (expiring), in a heavenly storm, glowing
A: large, unfitting armour, claws 3, regeneration 1, shaggy fur 1, tough skin 1,
camouflage 2, deformed body
a: Renounce Religion, Wall Jump, Serpent's Lash, Heavenly Storm


You were on level 2 of the Snake Pit.
You worshipped Wu Jian.
Wu Jian was exalted by your worship.
You visited 5 branches of the dungeon, and saw 25 of its levels.
You visited the Abyss 1 time.
You also visited: Bailey, Ice Cave and Volcano.

You collected 3756 gold pieces.
You spent 1499 gold pieces at shops.

Inventory:

Hand Weapons
 a - the +8 mace "Killer Klown's Death" {drain, rC+ Str+7}
   (You found it on level 5 of the Lair of Beasts)

   Str:       It affects your strength (+7).
   rC:        It protects you from cold.
 N - a +1 longbow of electrocution
Missiles
 h - 14 curare-tipped darts
 j - 12 javelins
 H - 5 boomerangs of dispersal
 K - a throwing net
 M - 45 large rocks (quivered)
 V - 7 atropa-tipped darts
Armour
 c - a +2 hat of intelligence (worn)
 d - +0 swamp dragon scales (worn)
 r - the +4 cloak of Honour (worn) {rF- Str+8 Int+4 SInv}
   (You acquired it on level 4 of the Dungeon)

   Str:       It affects your strength (+8).
   Int:       It affects your intelligence (+4).
   rF:        It makes you vulnerable to fire.
   SInv:      It lets you see invisible.
 z - a +2 robe of fire resistance
 Y - a +2 cloak
Jewellery
 b - a +4 ring of protection (left claw)
 n - a ring of protection from cold
 q - a ring of poison resistance
 C - a +6 ring of intelligence
 D - a ring of protection from fire (right claw)
 J - a ring of protection from cold
 W - a +6 ring of strength
Wands
 k - a wand of paralysis (17)
 p - a wand of flame (8)
 u - a wand of digging (5)
 B - a wand of light (3)
 E - a wand of polymorph (15)
 F - a wand of roots (29)
Scrolls
 e - 5 scrolls of teleportation
 i - 28 scrolls of identify
 o - 3 scrolls of butterflies
 t - 2 scrolls of silence
 v - a scroll of blinking
 y - 3 scrolls of fog
 O - a scroll of enchant armour
 P - a scroll of amnesia
 S - 6 scrolls of fear
 T - 3 scrolls of poison
Potions
 f - 4 potions of heal wounds
 g - 6 potions of brilliance
 l - 5 potions of flight
 m - a potion of might
 s - a potion of berserk rage
 w - 3 potions of cancellation
 x - 8 potions of curing
 G - 4 potions of ambrosia
 I - a potion of lignification
 L - a potion of resistance
 Q - a potion of magic
 R - 2 potions of haste
 U - a potion of attraction
Miscellaneous
 A - a condenser vane


   Skills:
 - Level 4.0 Fighting
 - Level 5.0 Maces & Flails
 - Level 3.0 Throwing
 - Level 10.0 Armour
 - Level 10.0 Dodging
 + Level 21.4 Unarmed Combat
 - Level 2.0 Spellcasting
 - Level 10.0 Transmutations


You had 4 spell levels left.
You knew the following spells:

 Your Spells              Type           Power      Damage    Failure   Level
a - Beastly Appendage     Tmut           92%        N/A       1%          1
b - Wereblood             Tmut           46%        N/A       1%          2
c - Blade Hands           Tmut           23%        N/A       9%          5
d - Storm Form            Tmut/Air       12%        N/A       100%        7

Your spell library contained the following spells:

 Spells                   Type           Power      Damage    Failure   Level
 Spider Form              Tmut/Pois      24%        N/A       7%          3
 Freeze                   Ice            8%         1d3       19%         1
 Sandblast                Erth           4%         2d4       19%         1
 Ice Form                 Ice/Tmut       24%        N/A       22%         4
 Blink                    Tloc           4%         N/A       26%         2
 Momentum Strike          Conj/Tloc      4%         3d8       26%         2
 Frozen Ramparts          Ice            4%         1d1       47%         3
 Gell's Gravitas          Tloc           2%         N/A       47%         3
 Hailstorm                Conj/Ice       2%         3d3       47%         3
 Inner Flame              Hex/Fire       2%         N/A       47%         3
 Lesser Beckoning         Tloc           4%         N/A       47%         3
 Ozocubu's Armour         Ice            2%         N/A       47%         3
 Portal Projectile        Hex/Tloc       4%         N/A       47%         3
 Teleport Other           Tloc           2%         N/A       47%         3
 Tukima's Dance           Hex            2%         N/A       47%         3
 Vhi's Electric Charge    Tloc/Air       4%         N/A       47%         3
 Animate Armour           Summ/Erth      4%         N/A       87%         4
 Cause Fear               Hex            1%         N/A       87%         4
 Manifold Assault         Tloc           2%         N/A       87%         4
 Summon Ice Beast         Ice/Summ       2%         N/A       87%         4
 Statue Form              Tmut/Erth      16%        N/A       98%         6
 Arcjolt                  Conj/Air       1%         1d11      99%         5
 Freezing Cloud           Conj/Ice/Air   1%         6-21      99%         5
 Metabolic Englaciation   Hex/Ice        1%         N/A       99%         5
 Dispersal                Tloc           1%         N/A       100%        6
 Iron Shot                Conj/Erth      1%         9d1       100%        6
 Ozocubu's Refrigeration  Ice            1%         4d7       100%        7
 Discord                  Hex            1%         N/A       100%        8
 Maxwell's Capacitive Co  Air            1%         ∞         100%        8


Dungeon Overview and Level Annotations

Branches:
Dungeon (15/15)            Temple (1/1) D:7            Lair (5/5) D:10
  Swamp (0/4) Lair:2        Snake (2/4) Lair:3        Slime (0/5) Lair:4
    Orc (2/2) D:9             Elf (0/3) Orc:2        Vaults (0/5) D:13
 Depths (0/4) D:15         Bailey (visited)           IceCv (visited)
Volcano (visited)

Altars:
Ashenzari
Cheibriados
Dithmenos
Elyvilon
Fedhas
Gozag
Hepliaklqana
Kikubaaqudgha
Makhleb
Nemelex Xobeh
Okawaru
Qazlal
Ru
Sif Muna
Trog
Uskayaw
Vehumet
Wu Jian
Xom
Yredelemnul
Zin
The Shining One
Lugonu

Shops:
D:5 *(=   D:8 *   D:14 (   D:15 (   Orc:2 *![*:[   Snake:1 (

Portals:
Abyss: Lair:5

Annotations:
D:3 3 runed translucent doors, Majang's ghost, amateur HOFi; Natasha
D:5 Eustachio


Innate Abilities, Weirdness & Mutations

You are too large for most types of armour.
You have claws for hands.
Your natural rate of healing is unusually fast.
You are covered in fur. (AC +1)
You have tough skin. (AC +1)
Your skin blends seamlessly with your surroundings (Stealth++).
Armour fits poorly on your strangely shaped body.


Message History

You hear a shout!
The naga warrior spits poison at you. The splash of poison misses you.
The naga warrior constricts you.
A naga warrior comes into view. It is wielding a +0 scimitar.
You claw the naga warrior!
The naga warrior is lightly wounded.
You hear a shout!
The naga warrior roars a battlecry!
The naga warrior goes into a battle-frenzy!
The naga warrior constricts you.
You claw the naga warrior! You claw the naga warrior!!
The naga warrior is heavily wounded.
You mangle the naga warrior!! Your claw misses the naga warrior.
The naga warrior is almost dead.
The naga warrior hits you with a +0 long sword!
* * * LOW HITPOINT WARNING * * *
The naga warrior constricts you.
You eviscerate the naga warrior!!!
You feel a bit better.
You kill the naga warrior!
The Council accepts your kill.
You are confused.
You feel invigorated.
You bump into the rock wall.
You're too confused to move!
You howl as the wereblood boils in your veins!
You feel better.
You feel less invigorated.
The naga warrior hits you with a +0 scimitar!!
* * * LOW HITPOINT WARNING * * *
The naga warrior closely misses you. The naga warrior blocks your attack.
You claw the naga warrior!!
The naga warrior is moderately wounded.
The naga warrior hits you with a +0 scimitar!!
* * * LOW HITPOINT WARNING * * *
The naga warrior barely misses you.
You claw the naga warrior!
The naga warrior is heavily wounded.
You howl as the wereblood boils in your veins!
Your primal bloodlust is almost over.
The naga warrior hits you with a +0 scimitar!
You die...

###(....N. ..#N.....?
#.#...... #.#.....
#§#...#### . #☼#.......
.###############@#.......
.......##.....§§N§☼......
.......##.....§§☼§§######
.......##..........#
...................#
...~...##.....<....###
.~~~~..########...... ..#
.~~....# #.###... ...
.......########.#
#.######.#


You could see a naga warrior (strong).

Vanquished Creatures
  Gastronok (D:10)
  The ghost of Decipherer the Bludgeoner, a journeyman MiBe of Trog (Orc:2)
  A stone giant (Volcano)
  The ghost of Opifex the Cleaver, a journeyman DsFi of Okawaru (Lair:3)
  A deep elf annihilator (D:15)
  Snorg (Orc:1)
  2 ettins
  The ghost of Bnni the Skirmisher, a journeyman FoHs of Dithmenos (D:11)
  4 hydras
  2 ogre magi
  Erolcha (D:10)
  3 catoblepae
  Erica (D:8)
  11 two-headed ogres
  2 anacondas (Snake:2)
  7 centaur warriors
  4 naga warriors (Snake:2)
  4 death yaks (Lair:4)
  3 tengu warriors (D:15)
  3 thrashing horrors (Lair:5)
  3 orc high priests (Orc:2)
  3 naga sharpshooters
  2 shock serpents
  Nergalle (Lair:3)
  2 deep elf knights (D:15)
  A salamander mystic (Snake:2)
  4 skeletal warriors (D:13)
  3 naga ritualists (Snake:1)
  2 deep elf archers (D:15)
  3 necromancers
  10 orc knights
  5 deep elf pyromancers
  A wizard (D:11)
  7 ugly things
  4 oklob plants (Lair:4)
  6 orc sorcerers
  2 manticores
  8 cyclopes
  3 mana vipers (Snake:1)
  A moth of wrath (Lair:3)
  A salamander (Lair:3)
  13 elephants
  A guardian serpent (Snake:2)
  16 black mambas
  3 naga magi
  3 smoke demons
  A torpor snail (Lair:5)
  10 cane toads
  An unseen horror (D:12)
  A torpor snail (shapeshifter) (D:11)
  3 gargoyles (Volcano)
  An ice statue (IceCv)
  Maggie (Lair:1)
  6 komodo dragons
  2 efreet
  4 kobold demonologists
  2 rime drakes
  3 anaconda simulacra (IceCv)
  A rime drake (shapeshifter) (Lair:5)
  3 freezing wraiths (IceCv)
  5 yaktaurs (D:13)
  14 ice devils (IceCv)
  2 ancient zymes (Lair:5)
  3 tengu conjurers
  A wind drake (shapeshifter) (Lair:5)
  3 trolls
  2 polar bears
  A large abomination (Lair:5)
  A tarantella (shapeshifter) (Lair:5)
  3 hornets
  19 blink frogs
  2 dream sheep (Lair:5)
  17 slime creatures
  A centaur simulacrum (D:11)
  A vampire (D:12)
  A ynoxinul (Lair:5)
  5 spriggans (Lair:3)
  A shadow (D:11)
  3 wraiths
  5 wyverns
  Grum (D:10)
  A dire elephant simulacrum (IceCv)
  36 yaks
  7 fire bats (Volcano)
  7 death yak simulacra (IceCv)
  2 steam dragons
  6 basilisks
  21 vampire mosquitoes
  A chaos spawn (Lair:5)
  A harpy simulacrum (IceCv)
  19 nagas
  4 neqoxecs (Orc:2)
  4 wargs
  Duvessa (D:4)
  An acid dragon (D:9)
  A hydra simulacrum (IceCv)
  15 water moccasins
  An ice beast (D:8)
  2 black bears
  32 orc warriors
  3 sky beasts
  A centaur (shapeshifter) (Lair:5)
  12 ogres
  23 wolves
  16 centaurs
  13 kobold brigands
  9 bullfrogs
  A necrophage (D:5)
  5 cane toad simulacra (IceCv)
  2 earth elementals (Volcano)
  4 scorpions
  A two-headed ogre simulacrum (D:11)
  15 wights
  Dowan (D:4)
  3 elephant simulacra (IceCv)
  10 killer bees
  5 howler monkeys
  10 small abominations (Lair:5)
  9 lava snakes
  3 quasits (Orc:2)
  2 hounds
  A jelly (D:6)
  Crazy Yiuf (D:2)
  31 orc priests
  A gnoll bouda (D:7)
  7 iguanas
  29 orc wizards
  Natasha (twice) (D:3)
  5 troll simulacra
  2 spriggan simulacra (D:11)
  4 polar bear simulacra (IceCv)
  A wolf simulacrum (IceCv)
  9 gnolls
  A naga simulacrum (IceCv)
  4 adders
  2 white imps
  2 ufetubi
  2 worms (D:3)
  4 dart slugs
  99 orcs
  8 endoplasms
  6 giant cockroaches
  12 goblins
  10 hobgoblins
  7 jackals
  33 kobolds
  A quokka (D:3)
  3 training dummies (Snake:1)
  6 ball pythons
  11 bats
  2 frilled lizards (D:2)
  10 rats
  A spectral orc (D:9)
  A bush (Lair:5)
920 creatures vanquished.

Vanquished Creatures (others)
  33 fungi
  26 plants
59 creatures vanquished.

Grand Total: 979 creatures vanquished

Notes
Turn   | Place    | Note
-------+----------+-------------------------------------------
     0 | D:1      | Rrauwl the Troll Transmuter began the quest for the Orb.
     0 | D:1      | Reached XP level 1. HP: 18/18 MP: 1/1
   112 | D:1      | Reached skill level 1 in Fighting
   126 | D:1      | Reached XP level 2. HP: 26/27 MP: 3/3
   494 | D:1      | Reached XP level 3. HP: 33/33 MP: 4/4
  1130 | D:2      | Found a faded altar of an unknown god.
  1143 | D:2      | Found a runed translucent door.
  1144 | D:2      | Noticed Crazy Yiuf
  1546 | D:2      | Killed Crazy Yiuf
  1547 | D:2      | Reached XP level 4. HP: 32/41 MP: 4/6
  1689 | D:3      | Reached skill level 4 in Unarmed Combat
  1694 | D:3      | Noticed Natasha
  1703 | D:3      | Killed Natasha
  1711 | D:3      | Found a runed translucent gate.
  1711 | D:3      | Found a runed translucent gate.
  1711 | D:3      | Noticed Majang's ghost (amateur HOFi)
  1712 | D:3      | Found a runed translucent gate.
  1987 | D:3      | Reached XP level 5. HP: 44/48 MP: 7/7
  2130 | D:3      | Noticed Natasha
  2136 | D:3      | Killed Natasha
  2137 | D:3      | Reached skill level 5 in Unarmed Combat
  2152 | D:3      | Gained mutation: You sometimes lose your temper in combat.
                  | [potion of mutation]
  2238 | D:3      | Noticed Natasha
  2413 | D:4      | Identified the +5 kite shield of a wizard's laboratory
                  | {-Cast rN+ rCorr Dex+6}
  2419 | D:4      | Noticed Dowan
  2422 | D:4      | Noticed Duvessa
  2454 | D:4      | Killed Duvessa
  2455 | D:4      | Reached skill level 6 in Unarmed Combat
  2455 | D:4      | Reached XP level 6. HP: 54/55 MP: 5/8
  2460 | D:4      | Killed Dowan
  2503 | D:4      | Noticed an angel
  2504 | D:4      | Found a glowing silver altar of Zin.
  2505 | D:4      | Found a shimmering altar of Xom.
  2596 | D:4      | Reached skill level 7 in Unarmed Combat
  2664 | D:4      | Learned a level 2 spell: Wereblood
  2799 | D:4      | Reached XP level 7. HP: 60/62 MP: 9/9
  2902 | D:4      | Found a burning altar of Makhleb.
  2939 | D:4      | Found a radiant altar of Vehumet.
  3051 | D:4      | Identified a scroll of acquirement
  3051 | D:4      | Acquired the +4 cloak of Honour {rF- Str+8 Int+4 SInv}
  3075 | D:5      | Entered Level 5 of the Dungeon
  3075 | D:5      | Found Qilloeka's Jewellery Shop.
  3090 | D:5      | Noticed Eustachio
  3318 | D:5      | Reached skill level 8 in Unarmed Combat
  3565 | D:5      | Reached XP level 8. HP: 69/70 MP: 10/10
  3574 | D:5      | Reached skill level 9 in Unarmed Combat
  3729 | D:5      | Found Duuraurph's Weapon Emporium.
  3739 | D:5      | Found Eveadaet's Assorted Antiques.
  3755 | D:5      | Bought a jewelled brass wand for 116 gold pieces
  3755 | D:5      | Bought a worn lead wand for 116 gold pieces
  3783 | D:5      | Reached skill level 15 in Unarmed Combat
  3783 | D:5      | Reached XP level 9. HP: 76/76 MP: 11/11
  3813 | D:5      | Found a sparkling altar of Nemelex Xobeh.
  3813 | D:5      | Found a shadowy altar of Dithmenos.
  3980 | D:6      | Found an ancient bone altar of Kikubaaqudgha.
  4825 | D:7      | Found a snail-covered altar of Cheibriados.
  4950 | D:7      | Reached skill level 5 in Transmutations
  4951 | D:7      | Found an iron altar of Okawaru.
  5026 | D:7      | Reached XP level 10. HP: 65/84 MP: 12/12
  5043 | D:7      | Found a staircase to the Ecumenical Temple.
  5049 | D:7      | Reached skill level 1 in Armour
  5056 | Temple   | Entered the Ecumenical Temple
  5064 | Temple   | Became a worshipper of the Wu Jian Council
  5521 | D:8      | Learned a level 5 spell: Blade Hands
  5564 | D:8      | Noticed Erica
  5574 | D:8      | Killed Erica
  5606 | D:8      | Found Neiliwif's Elemental Accessories.
  5641 | D:8      | Lost mutation: You sometimes lose your temper in combat.
                  | [potion of mutation]
  5641 | D:8      | Gained mutation: Your skin changes colour to match your
                  | surroundings (Stealth+). [potion of mutation]
  5641 | D:8      | Gained mutation: Your skin blends seamlessly with your
                  | surroundings (Stealth++). [potion of mutation]
  5742 | D:8      | Found a flagged portal.
  5758 | Bailey   | Entered a bailey
  5805 | Bailey   | Found a large runed translucent door.
  5805 | Bailey   | Found a large runed translucent door.
  5806 | Bailey   | Noticed a deep elf pyromancer
  5806 | Bailey   | Noticed an orc knight
  5815 | Bailey   | Reached * piety under Wu Jian
  5886 | Bailey   | Killed an orc knight
  5976 | Bailey   | Killed a deep elf pyromancer
  6765 | D:8      | Reached skill level 1 in Throwing
  6845 | D:9      | Noticed a two-headed ogre
  6858 | D:8      | Reached ** piety under Wu Jian
  6910 | D:8      | Reached XP level 11. HP: 76/93 MP: 13/13
  6980 | D:9      | Found a white marble altar of Elyvilon.
  7207 | D:9      | Killed a two-headed ogre
  7489 | D:9      | Found a staircase to the Orcish Mines.
  7573 | D:9      | Found a basalt altar of Yredelemnul.
  7688 | D:9      | Noticed a two-headed ogre
  7698 | D:9      | Killed a two-headed ogre
  7925 | D:10     | Entered Level 10 of the Dungeon
  7925 | D:10     | Noticed Grum
  7982 | D:10     | Reached *** piety under Wu Jian
  7987 | D:10     | Killed Grum
  8019 | D:10     | Noticed Erolcha
  8022 | Abyss:2  | Cast into level 2 of the Abyss (Erolcha)
  8055 | Abyss:2  | Noticed a sixfirhy
  8087 | D:10     | Escaped the Abyss
  8091 | D:10     | Killed Erolcha
  8155 | D:10     | Noticed a two-headed ogre
  8167 | D:10     | Killed a two-headed ogre
  8183 | D:10     | Noticed Gastronok
  8226 | D:10     | Killed Gastronok
  8264 | D:10     | Found a staircase to the Lair.
  8412 | D:10     | Found a hazy altar of Hepliaklqana.
  8489 | D:10     | Reached XP level 12. HP: 107/107 MP: 14/14
  8499 | D:10     | Reached skill level 16 in Unarmed Combat
  8765 | Lair:1   | Entered Level 1 of the Lair of Beasts
  8828 | Lair:1   | Noticed Maggie
  8831 | Lair:1   | Killed Maggie
  9112 | Lair:1   | Reached skill level 5 in Dodging
  9991 | Lair:2   | Reached **** piety under Wu Jian
 10002 | Lair:2   | Reached skill level 5 in Armour
 10562 | Lair:2   | Found a staircase to the Swamp.
 10864 | Lair:3   | Found a dark tunnel.
 10881 | Volcano  | Entered a volcano
 11117 | Volcano  | Noticed a stone giant
 11132 | Volcano  | Killed a stone giant
 11198 | Volcano  | Found a radiant altar of Vehumet.
 11221 | Volcano  | Found a burning altar of Makhleb.
 11308 | Lair:3   | Noticed a seven-headed hydra
 11417 | Lair:3   | Killed a seven-headed hydra
 11558 | Lair:3   | Learned a level 7 spell: Storm Form
 11583 | Lair:3   | Reached XP level 13. HP: 100/114 MP: 12/15
 11723 | Lair:3   | Noticed Nergalle
 11734 | Lair:3   | Killed Nergalle
 11734 | Lair:3   | Reached ***** piety under Wu Jian
 11792 | Lair:3   | Found a staircase to the Snake Pit.
 11873 | Lair:3   | Found a transporter.
 11873 | Lair:3   | Found a transporter.
 11885 | Lair:3   | Found a bloodstained altar of Trog.
 12168 | Lair:3   | Noticed Opifex's ghost (journeyman DsFi)
 12276 | Lair:3   | Killed Opifex's ghost
 12277 | Lair:3   | Reached skill level 17 in Unarmed Combat
 12643 | Lair:4   | Found a staircase to the Slime Pits.
 12816 | Lair:4   | Found a stormy altar of Qazlal.
 13407 | Lair:5   | Entered Level 5 of the Lair of Beasts
 13412 | Lair:5   | Reached skill level 18 in Unarmed Combat
 13977 | Lair:5   | Reached XP level 14. HP: 123/123 MP: 16/16
 14663 | Lair:5   | Identified the +8 mace "Killer Klown's Death" {drain, rC+
                  | Str+7}
 14685 | Lair:5   | Reached skill level 10 in Transmutations
 14733 | Lair:5   | Reached skill level 1 in Maces & Flails
 15078 | Lair:5   | Found a corrupted altar of Lugonu.
 15078 | Lair:5   | Found a one-way gate to the infinite horrors of the Abyss.
 15569 | Lair:4   | Reached skill level 5 in Maces & Flails
 15747 | D:11     | Found a runed translucent gate.
 15747 | D:11     | Found a runed translucent gate.
 15747 | D:11     | Found a runed translucent gate.
 15748 | D:11     | Noticed Bnni's ghost (journeyman FoHs)
 15765 | D:11     | Reached ****** piety under Wu Jian
 15805 | D:11     | Found a frozen archway.
 15824 | IceCv    | Entered an ice cave
 15979 | IceCv    | Found an ancient bone altar of Kikubaaqudgha.
 16631 | IceCv    | Got the Annotations on Frosty Terrain
 16635 | IceCv    | Got the Grimoire of Algor
 16934 | D:11     | Reached skill level 19 in Unarmed Combat
 17370 | D:11     | Acquired 708 gold pieces
 17400 | D:11     | Killed Bnni's ghost
 17404 | D:11     | Reached XP level 15. HP: 129/130 MP: 11/17
 18289 | D:13     | Identified the +11 war axe of the Present {protect, rCorr}
 18327 | D:13     | Reached skill level 20 in Unarmed Combat
 19046 | D:13     | Found a gate to the Vaults.
 19574 | D:14     | Found Uqivvec's Weapon Emporium.
 19585 | D:14     | Bought 3 atropa-tipped darts for 25 gold pieces
 19875 | D:15     | Entered Level 15 of the Dungeon
 20586 | D:15     | Found a staircase to the Depths.
 21062 | D:15     | Found Qunkyeho's Antique Weapon Emporium.
 21625 | Orc:1    | Entered Level 1 of the Orcish Mines
 21628 | Orc:1    | Noticed Snorg
 21643 | Orc:1    | Killed Snorg
 21644 | Orc:1    | Reached XP level 16. HP: 112/137 MP: 18/18
 22183 | Orc:2    | Entered Level 2 of the Orcish Mines
 22397 | Orc:2    | Found a staircase to the Elven Halls.
 22506 | Orc:2    | Found Apromouqi's Antique Armour Shoppe.
 22682 | Orc:2    | Reached skill level 10 in Armour
 22682 | Orc:2    | Reached skill level 10 in Dodging
 22831 | Orc:2    | Found Yfo Vest's Vocational Training.
 22876 | Orc:2    | Found a transporter.
 22881 | Orc:2    | Noticed Decipherer's ghost (journeyman MiBe)
 22899 | Orc:2    | Found a transporter.
 22930 | Orc:2    | Paralysed by an orc sorcerer for 4 turns
 23100 | Orc:2    | Found Namnuow's General Store.
 23100 | Orc:2    | Found Waohas's Antique Armour Emporium.
 23102 | Orc:2    | Found Xudarih's Distillery.
 23102 | Orc:2    | Found Susab's General Store.
 23108 | Orc:2    | Bought a potion of curing for 51 gold pieces
 23108 | Orc:2    | Bought a potion of heal wounds for 85 gold pieces
 23111 | Orc:2    | Bought a potion of haste for 150 gold pieces
 23111 | Orc:2    | Bought a potion of cancellation for 120 gold pieces
 23111 | Orc:2    | Bought 2 potions of heal wounds for 150 gold pieces
 23111 | Orc:2    | Bought a potion of cancellation for 120 gold pieces
 23112 | Orc:2    | Bought a scroll of teleportation for 30 gold pieces
 23112 | Orc:2    | Bought a potion of heal wounds for 50 gold pieces
 23112 | Orc:2    | Bought a scroll of enchant armour for 75 gold pieces
 23112 | Orc:2    | Bought a scroll of teleportation for 30 gold pieces
 23262 | Orc:2    | Gained mutation: Armour fits poorly on your strangely
                  | shaped body. [a neqoxec]
 23276 | Orc:2    | Killed Decipherer's ghost
 23314 | Orc:2    | Identified the ring "Miaruox" {MP+9 Dex+6}
 23321 | Orc:2    | Identified the +9 short sword of the Asp {antimagic, +Blink
                  | rElec rC- Dex+4}
 23390 | Orc:2    | Bought an embroidered cloak for 210 gold pieces
 23542 | Snake:1  | Entered Level 1 of the Snake Pit
 24011 | Snake:1  | Found Karey's Firing Range.
 24020 | Snake:1  | Bought 4 boomerangs of dispersal for 108 gold pieces
 24020 | Snake:1  | Bought 5 large rocks for 63 gold pieces
 24602 | Snake:2  | Reached skill level 21 in Unarmed Combat
 24869 | Snake:2  | Slain by a naga warrior

Illustrated notes

Levels and vault maps discovered:
D:1:      spicycebolla_green_bress_n_ham_2, layout_loops_corners
D:2:      kb_forest_paths, layout_rooms, serial_corexii_hall,
          corexii_hall_statues_deadend, corexii_hall_statues_x,
          ebering_ecumenical_altar_petrified, chequers_serial_rivers_micro_c,
          uniq_crazy_yiuf_cottage
D:3:      minmay_chambers_of_threes, layout_basic, ebering_ghost_rock_garden,
          grunt_decor_one_mirror, chequers_serial_rivers_micro_e, uniq_natasha
D:4:      layout_basic, amcnicky_altar_gilded,
          grunt_temple_overflow_order_and_chaos_1, nicolae_vehumet_altar_sigil,
          minivault_25, chequers_serial_rivers_small_b, uniq_duvessa
D:5:      layout_basic, amethyst_overflow_temple_binary, serial_shops,
          nicolae_shop_hallway_stairs, nicolae_shop_crystal,
          nicolae_stop_n_shop_1, minmay_fractal_squares_diagonal_5,
          uniq_eustachio
D:6:      layout_basic, nicolae_kikubaaqudgha_miasma_corner
D:7:      layout_loops_ring, mainiacjoe_overflow_24_doors, cheibriados_altar_1,
          minmay_temple_entry_butterflies
D:8:      layout_gridville, enter_bailey_5, nicolae_elemental_shop, uniq_erica
D:9:      layout_gridville, mainiacjoe_overflow_alcove_4,
          yredelemnul_forgotten_temple_becter, erik_orc_4,
          minmay_misc_feat_nine_boxes
D:10:     layout_rooms, mainiacjoe_overflow_catwalk,
          grunt_lair_entry_orc_guard_hut, nicolae_twisting_strands, uniq_grum,
          uniq_gastronok, uniq_erolcha
D:11:     minmay_slanted_spiral_squares, layout_basic,
          gammafunk_ghost_nasty_kobolds, portal_ice_cave_entry_ice_simulacra,
          serial_park_tiny_2
D:12:     layout_irregular_city
D:13:     layout_loops_ring, hangedman_vaults_entry_quadrant_bands
D:14:     layout_roguey, serial_shops, nicolae_shop_waterfront,
          serial_park_tiny_pond
D:15:     hangedman_depths_entry_civil_slaughter, layout_cave_pods, special_room
          [special_room_orc], serial_shops, shop, kennysheep_flooded_box
Temple:   eino_wide_crystal_templ
Lair:1:   layout_cave_pods, uniq_maggie
Lair:2:   layout_long_grid, minmay_swamp_entry_swarm, beast_lair_carwin_2,
          infiniplex_staircase_pool_2
Lair:3:   layout_misc_corridors, minmay_snake_entry_guardpost_medium,
          nicolae_volcano_entry_two_sided, gammafunk_ghost_wrathful_warriors,
          grunt_forest_stairs_basic, uniq_nergalle
Lair:4:   layout_loops_ring, minmay_slime_entry_oklob_open, basic_altar
Lair:5:   hellmonk_lair_end_abyssal_woods, layout_gridlike
Snake:1:  layout_cave_shapes, nicolae_snake_gridmaze_zigzag,
          nicolae_shop_firing_range
Snake:2:  layout_basic, uniq_aizul, uniq_vashnia
Orc:1:    layout_caves, basic_altar, uniq_snorg
Orc:2:    grunt_orc_tribal_feast, layout_caves, serial_shops, shop,
          gammafunk_ghost_stat_death, nicolae_shop_vocational

Skill      XL: |  1  2  3  4  5  6  7  8  9 10 11 12 13 14 15 16 |
---------------+-------------------------------------------------+-----
Fighting       | 1 2 4 |  4.0
Dodging        | 2 4 7 9 10 | 10.0
Transmutations | 2 3 5 7 8 10 | 10.0
Spellcasting   | 2 |  2.0
Unarmed Combat | 4 6 7 8 15 16 18 19 20 21 | 21.4
Armour         | 1 4 5 7 9 10 | 10.0
Throwing       | 2 3 |  3.0
Maces & Flails | 5 |  5.0

Action                   |  1- 3 |  4- 6 |  7- 9 | 10-12 | 13-15 | 16-18 || total
-------------------------+-------+-------+-------+-------+-------+-------++-------
Melee: Unarmed           |    13 |       |   168 |   629 |  1187 |   425 ||  2422
       Short sword       |   150 |       |       |       |       |       ||   150
       Quarterstaff      |       |   154 |    19 |       |       |       ||   173
       Headbutt          |       |     1 |       |     1 |       |       ||     2
       Kick              |       |     1 |       |     2 |       |       ||     3
       Punch             |       |       |     2 |    45 |   135 |    43 ||   225
       Giant club        |       |       |       |    10 |    17 |       ||    27
 Fire: Hand crossbow     |       |       |       |     1 |       |       ||     1
Throw: Dart              |     1 |       |       |       |    33 |       ||    34
       Large rock        |       |       |       |     4 |    13 |     1 ||    18
       Javelin           |       |       |       |     1 |    10 |       ||    11
 Cast: Beastly Appendage |       |     1 |       |     2 |     4 |       ||     7
       Wereblood         |       |       |       |    10 |    14 |     4 ||    28
       Blade Hands       |       |       |       |       |     2 |     2 ||     4
Invok: Lunge             |       |       |       |    37 |    80 |    29 ||   146
       Whirlwind         |       |       |       |     2 |     8 |     2 ||    12
       Serpent's Lash    |       |       |       |     3 |       |       ||     3
       Heavenly Storm    |       |       |       |       |     1 |     1 ||     2
Evoke: Wand              |       |       |     8 |    11 |    25 |       ||    44
       Condenser vane    |       |       |       |     1 |     2 |       ||     3
  Use: Potion            |     5 |     2 |     2 |     8 |    12 |     4 ||    33
       Scroll            |     2 |     3 |     5 |     7 |    12 |     2 ||    31
 Stab: Sleeping          |     3 |       |       |    12 |     7 |     1 ||    23
       Distracted        |       |     1 |       |     2 |     4 |       ||     7
       Petrified         |       |     1 |       |       |     4 |       ||     5
       Paralysed         |       |       |     7 |     4 |       |       ||    11
       Invisible         |       |       |       |     2 |       |     3 ||     5
Armor: Robe              |    52 |    41 |    80 |    13 |       |       ||   186
       Skin              |     2 |       |       |       |       |       ||     2
       Steam dragon scal |       |       |       |   145 |       |       ||   145
       Swamp dragon scal |       |       |       |   174 |   531 |   150 ||   855
Dodge: Dodged            |    71 |    87 |    66 |   306 |   470 |   189 ||  1189

Table legend: (Time is in decaauts)
 A = Elapsed time spent in this place.
 B = Non-inter-level travel time spent in this place.
 C = Inter-level travel time spent in this place.
 D = Time resting spent in this place.
 E = Time spent auto-exploring this place.
 F = Levels seen in this place.
 G = Mean time per level.
                   A        B        C        D        E       F      G
               +--------+--------+--------+--------+--------+-----+--------+
         Total |  24387 |  22857 |   1530 |    388 |  16709 |  29 |  840.9 |
       Dungeon |  13325 |  12403 |    922 |    226 |   9312 |  15 |  888.3 |
        Temple |     54 |     45 |      9 |      0 |     32 |   1 |   54.0 |
          Lair |   6585 |   6194 |    391 |    146 |   4582 |   5 | 1317.0 |
     Snake Pit |   1110 |   1057 |     53 |      0 |    793 |   2 |  555.0 |
  Orcish Mines |   1711 |   1558 |    153 |      5 |   1159 |   2 |  855.5 |
         Abyss |     64 |     64 |      0 |      0 |     32 |   1 |   64.0 |
        Bailey |    295 |    295 |      0 |      0 |    146 |   1 |  295.0 |
      Ice Cave |    847 |    847 |      0 |      0 |    474 |   1 |  847.0 |
       Volcano |    392 |    392 |      0 |     10 |    179 |   1 |  392.0 |
               +--------+--------+--------+--------+--------+-----+--------+

Top non-repeatable levels by time:
  Lair:5: 1758 daAuts
    D:15: 1427 daAuts
  Lair:4: 1418 daAuts
  Lair:2: 1168 daAuts
  Lair:3: 1124 daAuts
  Lair:1: 1116 daAuts
     D:8: 1114 daAuts
     D:9: 1050 daAuts
    D:13: 1033 daAuts
   Orc:2: 1019 daAuts
 Snake:1: 851 daAuts
     D:4: 851 daAuts
    D:11: 850 daAuts
   IceCv: 847 daAuts
     D:5: 841 daAuts
